 Dungeon Crawl Stone Soup version 0.26-a0-854-gdc81c2f471 (webtiles) character file.

Game seed: 1836689476933765517

569 iamoutofideas the Ruffian (level 7, -6/62 HPs)
             Began as a Troll Hunter on Nov 23, 2020.
             Shot with an arrow by a centaur (19 damage)
             ... on level 5 of the Dungeon.
             The game lasted 00:03:04 (2963 turns).

iamoutofideas the Ruffian (Troll Hunter)            Turns: 2963, Time: 00:03:05

Health: -6/62      AC:  6    Str: 23    XL:     7   Next: 11%
Magic:  6/6        EV: 10    Int:  7    God:
Gold:   296        SH:  5    Dex: 10    Spells: 6/6 levels left

rFire    . . .     SeeInvis .     - Unarmed
rCold    . . .     Faith    .   (no shield)
rNeg     . . .     Spirit   .   b - +0 robe
rPois    .         Reflect  +   (helmet restricted)
rElec    .         Harm     .   (no cloak)
rCorr    .         Rampage  .   (gloves unavailable)
MR       .....                  (boots unavailable)
Stlth    +.........             g - amulet of reflection
HPRegen  0.60/turn              (no ring)
MPRegen  0.10/turn              (no ring)

@: no status effects
A: large, unfitting armour, claws 3, regeneration 1, shaggy fur 1, tough skin 3
a: no special abilities


You were on level 5 of the Dungeon.
You visited 1 branch of the dungeon, and saw 5 of its levels.

You collected 296 gold pieces.

Inventory:

Missiles
 c - 5 large rocks (quivered)
 d - 3 throwing nets
Armour
 b - a +0 robe (worn)
Jewellery
 g - an amulet of reflection (around neck)
Scrolls
 i - 2 scrolls of identify
 p - a scroll of immolation {unknown}
 q - a scroll of fog
 s - 4 scrolls of blinking
 u - 2 scrolls of remove curse
 v - a scroll of fear {unknown}
Potions
 a - a potion of degeneration {unknown}
 e - 3 potions of invisibility
 f - a potion of berserk rage {unknown}
 h - a potion of magic {unknown}
 j - a potion of mutation {unknown}
 k - a potion of lignification
 l - a potion of curing
 m - 3 potions of brilliance
 n - a potion of resistance {unknown}
 o - 2 potions of heal wounds
 r - a potion of flight {unknown}


   Skills:
 - Level 1.5 Fighting
 - Level 3.6 Throwing
 - Level 1.5 Dodging
 - Level 0.3 Stealth
 + Level 7.5 Unarmed Combat


You had 6 spell levels left.
You didn't know any spells.
Your spell library contained the following spells:

 Spells                   Type           Power        Failure   Level
 Corona                   Hex            #......      43%         1
 Ensorcelled Hibernation  Hex/Ice        #.....       56%         2
 Confusing Touch          Hex            #.......     80%         3
 Dazzling Flash           Conj/Hex       #.....       80%         3
 Tukima's Dance           Hex            #.......     80%         3


Dungeon Overview and Level Annotations

Branches:
Dungeon (5/15)             Temple (0/1) D:5

Altars:
Gozag


Innate Abilities, Weirdness & Mutations

You are too large for most types of armour.
You have claws for hands.
Your natural rate of healing is unusually fast.
You are covered in fur. (AC +1)
You have extremely tough skin. (AC +3)


Message History

You claw the orc!
You kill the orc!
The centaur shoots an arrow.
The arrow closely misses you.
The centaur shoots an arrow.
The arrow hits you!
You are too injured to fight recklessly!
Unknown command.
The centaur shoots an arrow.
The arrow closely misses you.
You see here an arrow.
The centaur shoots an arrow.
The arrow hits you!
The orc priest calls down the wrath of Beogh upon you.
Pain shoots through your body!
* * * LOW HITPOINT WARNING * * *
You see here an arrow.
The centaur shoots an arrow.
The arrow closely misses you.
Found 15 gold pieces.
There is a staircase to the Ecumenical Temple here.
You can't go up here!
Unknown command.
The centaur shoots an arrow.
The arrow hits you!!
You die...

..!...... #.
$....#..## #..
........
#..###.....###
#..#≈≈≈≈≈≈≈≈≈# .
#.#≈#.....#≈#.#
#..≈))o.(..≈..#
#..≈((o....≈..#
###..≈..Z@...≈..#
#....≈.......≈..#
#....≈.......≈...
#...#≈#.....#≈#..
#.#.#≈≈≈≈≈≈≈≈≈# .
#.#.###c....###
#.#.. .(.....
#.#########.##
###'#####


You could see a centaur, an orc priest, an orc and a jackal zombie.

Vanquished Creatures
  A phantom (D:4)
  A scorpion (D:3)
  3 orc priests
  3 orc wizards (D:4)
  A worker ant (D:3)
  A hound skeleton (D:4)
  4 gnolls (D:3)
  8 adders
  An ooze (D:2)
  An adder skeleton (D:4)
  2 worms
  6 leopard geckos
  19 orcs
  A ball python (D:2)
  9 bats
  5 giant cockroaches
  6 goblins
  6 hobgoblins
  3 kobolds (D:2)
  2 quokkas (D:2)
  4 frilled lizards (D:1)
  A quokka skeleton (D:4)
  11 rats
99 creatures vanquished.

Notes
Turn   | Place    | Note
-------+----------+-------------------------------------------
     0 | D:1      | iamoutofideas the Troll Hunter began the quest for the Orb.
     0 | D:1      | Reached XP level 1. HP: 19/19 MP: 0/0
    72 | D:1      | Reached skill level 1 in Unarmed Combat
   169 | D:1      | Reached XP level 2. HP: 23/27 MP: 1/1
   261 | D:1      | Reached skill level 2 in Unarmed Combat
   616 | D:2      | Reached XP level 3. HP: 33/33 MP: 2/2
   901 | D:2      | Reached skill level 3 in Unarmed Combat
  1045 | D:2      | Reached XP level 4. HP: 40/41 MP: 3/3
  1336 | D:3      | Reached skill level 4 in Unarmed Combat
  1415 | D:3      | Found an opulent altar of Gozag.
  1590 | D:3      | Reached XP level 5. HP: 46/48 MP: 4/4
  1710 | D:3      | Reached skill level 5 in Unarmed Combat
  2081 | D:4      | Reached skill level 6 in Unarmed Combat
  2081 | D:4      | Reached XP level 6. HP: 48/55 MP: 5/5
  2356 | D:4      | Reached skill level 7 in Unarmed Combat
  2356 | D:4      | Reached XP level 7. HP: 55/62 MP: 6/6
  2665 | D:5      | Entered Level 5 of the Dungeon
  2952 | D:5      | Found a staircase to the Ecumenical Temple.
  2963 | D:5      | Shot with an arrow by a centaur

Illustrated notes

Levels and vault maps discovered:
D:1:      shiori_shiawase, layout_rooms, minmay_hedge_maze, hex_intersection,
          supply_closet_lemuel
D:2:      layout_basic
D:3:      layout_loops_ring, grunt_gozag_statues
D:4:      layout_cave_pools
D:5:      layout_basic, trog_eyes_of_draining, minmay_temple_entry_water_ring,
          corexii_item_surrounded_by_moat

Skill      XL: |  1  2  3  4  5  6 |
---------------+-------------------+-----
Unarmed Combat | 1 2 3 4 6 7 |  7.5
Fighting       | |  1.5
Throwing       | |  3.6
Dodging        | |  1.5
Stealth        | |  0.3

Action                   |  1- 3 |  4- 6 |  7- 9 || total
-------------------------+-------+-------+-------++-------
Melee: Unarmed           |   108 |   136 |    23 ||   267
       Punch             |       |     1 |     1 ||     2
Throw: Large rock        |       |     4 |       ||     4
  Use: Scroll            |       |    13 |       ||    13
 Stab: Sleeping          |       |     1 |       ||     1
Armor: Robe              |    49 |    49 |     5 ||   103
Dodge: Dodged            |    44 |    61 |     9 ||   114
Block: Other             |    20 |    33 |     6 ||    59
       Reflection        |       |     1 |     1 ||     2

Table legend: (Time is in decaauts)
 A = Elapsed time spent in this place.
 B = Non-inter-level travel time spent in this place.
 C = Inter-level travel time spent in this place.
 D = Time resting spent in this place.
 E = Time spent auto-exploring this place.
 F = Levels seen in this place.
 G = Mean time per level.
                   A        B        C        D        E       F      G
               +--------+--------+--------+--------+--------+-----+--------+
         Total |   2947 |   2869 |     78 |    101 |   2165 |   5 |  589.4 |
       Dungeon |   2947 |   2869 |     78 |    101 |   2165 |   5 |  589.4 |
               +--------+--------+--------+--------+--------+-----+--------+

Top non-repeatable levels by time:
     D:3: 799 daAuts
     D:2: 795 daAuts
     D:4: 543 daAuts
     D:1: 512 daAuts
     D:5: 296 daAuts
